 Dungeon Crawl Stone Soup version 0.24-a0-784-g601f8f6d22 (webtiles) character file.

Game seed: 16723619486715891238, levelgen mode: deterministic

54 IC0N0FSIN the Shield-Bearer (level 3, -2/29 HPs)
             Began as a Demonspawn Fighter on Oct 9, 2019.
             Killed from afar by an orc wizard (3 damage)
             ... with a magic dart
             ... on level 2 of the Dungeon.
             The game lasted 00:05:14 (842 turns).

IC0N0FSIN the Shield-Bearer (Demonspawn Fighter)     Turns: 842, Time: 00:05:15

Health: -2/29      AC:  8    Str: 22    XL:     3   Next: 66%
Magic:  3/3        EV:  7    Int:  3    God:
Gold:   58         SH:  9    Dex: 12    Spells: 2/2 levels left

rFire    . . .     SeeInvis .   i - +1 dagger (drain)
rCold    . . .     Gourm    .   c - +0 shield
rNeg     . . .     Faith    .   b - +0 scale mail
rPois    .         Spirit   .   (no helmet)
rElec    .         Reflect  .   (no cloak)
rCorr    .         Harm     .   j - +0 pair of gloves
MR       .....                  (no boots)
Stlth    +.........             (no amulet)
HPRegen  0.09/turn              h - -6 ring of intelligence (curse)
MPRegen  0.08/turn              (no ring)

@: mighty
A: claws 1, nightstalker 1
a: no special abilities


You were on level 2 of the Dungeon.
You were not hungry.

You visited 1 branch of the dungeon, and saw 2 of its levels.

You collected 58 gold pieces.

Inventory:

Hand Weapons
 a - a +0 rapier
 i - a +1 dagger of draining (weapon)
Armour
 b - a +0 scale mail (worn)
 c - a +0 shield (worn)
 j - a +0 pair of gloves (worn)
Jewellery
 h - a cursed -6 ring of intelligence (left hand)
Scrolls
 k - 3 scrolls of identify
Potions
 d - 2 potions of might
Comestibles
 f - 8 rations
 g - 4 chunks of flesh


   Skills:
 + Level 3.2 Fighting
 + Level 2.2 Short Blades
 + Level 3.2 Armour
 + Level 0.2 Dodging
 + Level 3.3 Shields


You had 2 spell levels left.
You didn't know any spells.
Your spell library was empty.

Dungeon Overview and Level Annotations

Branches:
Dungeon (2/15)

Altars:
Fedhas


Innate Abilities, Weirdness & Mutations

You have sharp fingernails.
You are slightly more attuned to the shadows.


Message History

You block the puff of flame. The orc wizard casts a spell at you.
The puff of frost hits you.
* * * LOW HITPOINT WARNING * * *
The orc hits you but does no damage.
Things that are here:
a cursed -1 dagger; a +0 robe; an orc corpse The orc wizard hits you but does no damage.
The orc wizard points at you and mumbles some strange words.
The magic dart hits you but does no damage.
The orc wizard hits you but does no damage.
You block the orc wizard's attack. You block the orc wizard's attack.
The orc wizard casts a spell at you. The puff of flame hits you.
* * * LOW HITPOINT WARNING * * *
The orc wizard closely misses you.
The orc wizard points at you and mumbles some strange words.
The magic dart hits you.
You die...

### ### ...##.##
#...... ##.#....
......###########
#....oo.o.....#
#..@#########.# ####
#####......(# #.#
#... #...........#
#.###.##
#.###.#...#.# #o#o..#
#.###.#.# #.#.###
.###....(..### #.).#
#
.........#)..#######
#.#########..##......
#.#.....###..###..###


You could see an orc wizard and 2 orcs.

Vanquished Creatures
  An orc wizard (D:2)
  A worm (D:2)
  2 dart slugs (D:1)
  3 goblins
  5 hobgoblins (D:1)
  A quokka (D:2)
  2 bats
  2 frilled lizards (D:1)
  3 kobolds (D:1)
  4 rats (D:1)
24 creatures vanquished.

Notes
Turn   | Place    | Note
-------+----------+-------------------------------------------
     0 | D:1      | IC0N0FSIN the Demonspawn Fighter began the quest for the
                  | Orb.
     0 | D:1      | Reached XP level 1. HP: 18/18 MP: 1/1
   320 | D:1      | Gained mutation: You have sharp fingernails. [demonic
                  | ancestry]
   320 | D:1      | Reached XP level 2. HP: 23/24 MP: 2/2
   524 | D:2      | Found a blossoming altar of Fedhas.
   755 | D:2      | Gained mutation: You are slightly more attuned to the
                  | shadows. [demonic ancestry]
   755 | D:2      | Reached XP level 3. HP: 29/29 MP: 3/3
   838 | D:2      | HP: 1/29 [orc wizard/puff of flame (6)]
   842 | D:2      | Killed from afar by an orc wizard

Levels and vault maps discovered:
D:1:      minmay_arrival_solitary_statue, layout_rooms
D:2:      layout_basic, first_ration, fedhas_altar_3

Skill      XL: |  1  2 |
---------------+-------+-----
Armour         | 3 |  3.2
Shields        | 3 |  3.3
Short Blades   | 2 |  2.2
Fighting       | |  3.2
Dodging        | |  0.2

Action                   || total
-------------------------++-------
Melee: Rapier            ||    60
       Dagger            ||    23
  Use: Scroll            ||     1
       Potion            ||     2
Armor: Scale mail        ||    31
Dodge: Dodged            ||    19
Block: Shield            ||    50

Table legend:
 A = Non-vault XP
 B = Vault XP
 C = Vault XP percentage of total XP
 D = Non-vault monster count
 E = Vault monster count
 F = Vault count percentage of total count
                 A         B        C        D         E       F
            +---------+---------+-------+---------+---------+-------
      Total |      78 |       0 |   0.0 |      24 |       0 |   0.0
            +---------+---------+-------+---------+---------+-------
        D:1 |      30 |       0 |   0.0 |      18 |       0 |   0.0
        D:2 |      48 |       0 |   0.0 |       6 |       0 |   0.0
            +---------+---------+-------+---------+---------+-------
